 Dungeon Crawl Stone Soup version 0.15.0-29-ga8e3430 (webtiles) character file.

137 Psiweapon the Ruffian (level 5, 0/29 HPs)
             Began as a Gargoyle Transmuter on Sept 12, 2014.
             Slain by an orc
             ... wielding a +0 mace
              (3 damage)
             ... on Level 4 of the Dungeon.
             The game lasted 00:14:51 (2637 turns).

Psiweapon the Ruffian (Gargoyle Transmuter)         Turns: 2637, Time: 00:14:51

HP   0/29        AC  8     Str 13      XL: 5   Next: 20%
MP   8/9         EV 17     Int 14      God:
Gold 198         SH  0     Dex 11      Spells:  1 memorised,  7 levels left

rFire  . . .     SeeInvis .       - Unarmed
rCold  + . .     Clarity  .     c - +0 robe
rNeg   + . .     rCorr    .     (no shield)
rPois  +         rRot     +     (helmet restricted)
rElec  +         Spirit   .     (no cloak)
SustAb .         Warding  .     r - +0 pair of gloves
rMut   .         Stasis   .     h - +0 pair of boots
Gourm  .                        (no amulet)
MR     .....                    y - +5 ring of evasion
                                u - ring of protection from cold

@: appendage, not resistant to hostile enchantments, very unstealthy
A: horns 2, negative energy resistance 1, electricity resistance, unbreathing,
petrification resistance, rot immunity, AC +4
a: End Transformation


You were on level 4 of the Dungeon.
You were not hungry.
You had grown temporary horns.
You visited 1 branch of the dungeon, and saw 4 of its levels.

You collected 198 gold pieces.

Inventory:

Hand weapons
 i - a +1 long sword of electrocution
Missiles
 b - 35 arrows
 g - 20 stones
 l - a throwing net
 w - 7 javelins (quivered)
Armour
 c - a +0 robe (worn)
 h - a +0 pair of boots (worn)
 r - a +0 pair of gloves (worn)
 t - a +0 ring mail
Comestibles
 a - a bread ration
 f - 7 fruits
 x - a chunk of felid flesh
 z - 2 rotting chunks of hobgoblin flesh
 C - 2 rotting chunks of kobold flesh
Scrolls
 j - a scroll of fear {unknown}
 k - 2 scrolls of recharging {unknown}
 m - a scroll of noise {unknown}
 n - a scroll of remove curse {unknown}
 p - a scroll of enchant armour {unknown}
 s - 2 scrolls of teleportation {unknown}
 v - 4 scrolls of identify {unknown}
 B - a scroll of random uselessness {unknown}
Jewellery
 q - an uncursed ring of flight
 u - a ring of protection from cold (left hand)
 y - a +5 ring of evasion (right hand)
Potions
 e - a potion of agility
 o - 3 potions of restore abilities {unknown}
 A - a potion of brilliance {unknown}
Books
 d - a book of Changes

   Spells                             Type                      Level
   *Beastly Appendage                 Transmutation                1
   Sticks to Snakes                   Transmutation                2
   Spider Form                        Transmutation/Poison         3
   Ice Form                           Ice/Transmutation            4
   Blade Hands                        Transmutation                5


   Skills:
 + Level 1.5 Fighting
 - Level 1.5 Dodging
 + Level 5.6 Unarmed Combat
 - Level 2.0 Spellcasting
 - Level 1.5 Transmutations


You had 7 spell levels left.
You knew the following spells:

 Your Spells              Type           Power        Failure   Level  Hunger
a - Beastly Appendage     Trmt           #.....       14%         1    ##.....


Dungeon Overview and Level Annotations

Branches:
Dungeon (4/15)
 Temple: D:4-7

Altars:
Makhleb
Nemelex Xobeh
Xom
Zin

Annotations:
D:2 exclusion: downstairs
D:3 Grinder, Natasha


Innate Abilities, Weirdness & Mutations

You are resistant to torment.
You are immune to poison.
Your stone body is very resilient (AC +4).
You resist negative energy.
You are resistant to electric shocks.
You can survive without breathing.
You are immune to petrification.
You are immune to rotting.
You have a pair of horns on your head.


Message History

Natasha claws you.
* * * LOW HITPOINT WARNING * * *
The orc priest looks braver.
You feel yourself speed up.
Drink which item? (? for menu, Esc to quit)
Okay, then.
The orc suddenly curses, as Orcs often do.
Natasha casts a spell.
The crimson imp blinks!
There is a stone staircase leading down here.
The orc hits you but does no damage.
You climb downwards.
There is a stone staircase leading up here.
Casting: Beastly Appendage
Confirm with . or Enter, or press ? or * to list all spells.
You grow a pair of large bovine horns.
The orc completely misses you.
You barely miss the orc. The orc closely misses you.
You barely miss the orc. You headbutt the orc, but do no damage.
You closely miss the orc. The orc hits you with a mace.
You die...

. ...
#+####....
.......
#...# #@.#
#o## ..#
...# ###.#
###


You could see an orc.

Vanquished Creatures
  Natasha (D:3)
  4 adders
  An inept item mimic (D:2)
  3 worms
  4 giant geckos
  A ball python (D:2)
  13 bats
  3 giant cockroaches
  5 goblins
  4 hobgoblins
  A quokka (D:2)
  3 giant newts
  3 kobolds
  8 rats
54 creatures vanquished.

Notes
Turn   | Place    | Note
--------------------------------------------------------------
     0 | D:1      | Psiweapon, the Gargoyle Transmuter, began the quest for the Orb.
     0 | D:1      | Reached XP level 1. HP: 12/12 MP: 3/3
   178 | D:1      | Reached XP level 2. HP: 12/16 MP: 4/4
   680 | D:1      | Reached skill level 4 in Unarmed Combat
   845 | D:2      | Found a shimmering altar of Xom.
   877 | D:2      | Reached XP level 3. HP: 20/20 MP: 4/6
  1244 | D:3      | Noticed Grinder
  1253 | D:3      | Paralysed by Grinder for 3 turns
  1575 | D:2      | Found a burning altar of Makhleb.
  1689 | D:2      | Found a glowing silver altar of Zin.
  1834 | D:2      | Reached XP level 4. HP: 21/25 MP: 5/7
  2046 | D:2      | Reached skill level 5 in Unarmed Combat
  2058 | D:2      | Found a sparkling altar of Nemelex Xobeh.
  2516 | D:3      | Noticed Natasha
  2528 | D:3      | Killed Natasha
  2528 | D:3      | Reached XP level 5. HP: 22/29 MP: 7/9
  2616 | D:3      | Noticed Natasha
  2637 | D:4      | Slain by an orc

Action                   |  1- 3 |  4- 6 || total
-------------------------+-------+-------++-------
Melee: Unarmed           |   162 |    97 ||   259
Throw: Javelin           |       |     5 ||     5
 Cast: Beastly Appendage |    17 |     8 ||    25
  Use: Potion            |     3 |       ||     3
  Eat: Chunk             |     3 |     3 ||     6
